 Dungeon Crawl Stone Soup version 0.30-a0-672-gc3a7216ad8 (webtiles) character file.

Game seed: 14870082473330766533

122088 ragingrage the Devastator (level 17, -7/131 HPs)
             Began as a Human Earth Elementalist on Jan 18, 2023.
             Was a High Priest of Vehumet.
             Mangled by a merfolk impaler
             ... wielding a +5 vampiric trident
              (14 damage)
             ... on level 3 of the Shoals.
             The game lasted 00:56:14 (40347 turns).

ragingrage the Devastator (HuEE)                   Turns: 40347, Time: 00:56:14

Health: -7/131     AC: 12    Str: 10    XL:     17   Next: 41%
Magic:  25/33      EV: 14    Int: 22    God:    Vehumet [*****.]
Gold:   2434       SH:  9    Dex: 16    Spells: 0/41 levels left

rFire   . . .      SeeInvis .    b - staff of conjuration
rCold   + . .      Faith    .    u - +0 kite shield
rNeg    . . .      Spirit   .    l - +0 troll leather armour
rPois   +          Reflect  .    F - +2 hat {Will+}
rElec   .          Harm     .    G - +2 cloak
rCorr   +          Rampage  .    y - +0 pair of gloves
Will    +++..                    n - +0 pair of boots
Stlth   ++++                     O - amulet of Foekhanuuh {rC+ Regen+ rCorr}
HPRegen 2.01/turn                H - ring "Waeh" {rPois Dex+2}
MPRegen 0.23/turn                L - ring of willpower

@: afraid
A: no striking features
a: Renounce Religion


You were on level 3 of the Shoals.
You worshipped Vehumet.
Vehumet was extremely pleased with you.
You visited 5 branches of the dungeon, and saw 23 of its levels.
You also visited: Bailey and Ice Cave.

You collected 3576 gold pieces.
You spent 1142 gold pieces at shops.

Inventory:

Hand Weapons
 a - a +6 rapier of venom
Missiles
 I - 12 curare-tipped darts
 K - 6 throwing nets
Armour
 l - a +0 troll leather armour (worn)
 n - a +0 pair of boots (worn)
 u - a +0 kite shield (worn)
 y - a +0 pair of gloves (worn)
 F - a +2 hat of willpower (worn)
 G - a +2 cloak (worn)
Magical Staves
 b - a staff of conjuration (weapon)
 x - a staff of earth
Jewellery
 H - the ring "Waeh" (left hand) {rPois Dex+2}
   (You found it on level 5 of the Dungeon)

   [ring of poison resistance]

   Dex:       It affects your dexterity (+2).
   rPois:     It protects you from poison.
 J - a +5 ring of evasion
 L - a ring of willpower (right hand)
 M - a ring of protection from cold
 O - the amulet of Foekhanuuh (around neck) {rC+ Regen+ rCorr}
   (You found it on level 3 of the Lair of Beasts)

   [amulet of regeneration]

   rC:        It protects you from cold.
   Regen:     It increases your rate of health regeneration.
   rCorr:     It protects you from acid and corrosion.
 T - a ring of see invisible
 Z - a ring of protection from fire
Wands
 q - a wand of light (12)
 A - a wand of roots (11)
 D - a wand of flame (7)
 N - a wand of paralysis (41)
 P - a wand of polymorph (2)
 Q - a wand of digging (5)
Scrolls
 h - a scroll of brand weapon
 i - a scroll of poison
 m - 2 scrolls of fog
 o - 15 scrolls of teleportation
 t - 3 scrolls of blinking
 B - 3 scrolls of enchant weapon
 C - 3 scrolls of immolation
 R - a scroll of silence
 S - 3 scrolls of enchant armour
 V - a scroll of magic mapping
Potions
 c - 8 potions of heal wounds
 d - 4 potions of attraction
 e - 2 potions of lignification
 f - 3 potions of ambrosia
 g - 4 potions of magic
 j - 4 potions of might
 p - 2 potions of resistance
 r - 5 potions of mutation
 s - a potion of berserk rage
 v - 2 potions of brilliance
 w - 8 potions of curing
 z - a potion of flight
 E - 2 potions of haste
 X - a potion of invisibility
 Y - 2 potions of cancellation
Miscellaneous
 k - a box of beasts
 U - a phial of floods
 W - a condenser vane (inert)


   Skills:
 + Level 11.5 Fighting
 - Level 5.0 Armour
 + Level 9.2 Dodging
 - Level 10.0 Stealth
 + Level 3.0 Shields
 - Level 12.6 Spellcasting
 + Level 15.0 Conjurations
 - Level 6.0 Transmutations
 + Level 1.2 Ice Magic
 + Level 1.3 Air Magic
 + Level 9.9 Earth Magic
 + Level 8.4 Evocations


You couldn't memorise any spells.
You knew the following spells:

 Your Spells              Type           Power      Damage    Failure   Level
a - Iskenderun's Battles  Conj           88%        2d14      1%          5
b - Iron Shot             Conj/Erth      40%        9d8       4%          6
c - Stone Arrow           Conj/Erth      100%       3d13      1%          3
d - Orb of Destruction    Conj           44%        9d12      9%          7
e - Yara's Violent Unrav  Hex/Tmut       13%        3d7       36%         5
f - Lee's Rapid Deconstr  Erth           27%        3d15*     2%          5
g - Irradiate             Conj/Tmut      37%        3d24      1%          5
h - Freezing Cloud        Conj/Ice/Air   28%        6-21      13%         5

Your spell library contained the following spells:

 Spells                   Type           Power      Damage    Failure   Level
 Fireball                 Conj/Fire      31%        3d13      7%          5
 Beastly Appendage        Tmut           80%        N/A       1%          1
 Magic Dart               Conj           100%       1d8       1%          1
 Sandblast                Erth           100%       2d20      1%          1
 Shock                    Conj/Air       100%       1d9       1%          1
 Momentum Strike          Conj/Tloc      100%       3d10      1%          2
 Passwall                 Tmut/Erth      40%        N/A       1%          2
 Dazzling Flash           Conj/Hex       100%       N/A       1%          3
 Wereblood                Tmut           40%        N/A       2%          2
 Flame Wave               Conj/Fire      63%        2d15      2%          4
 Arcjolt                  Conj/Air       32%        1d42      5%          5
 Petrify                  Tmut/Erth      48%        N/A       7%          4
 Kindle Blastsparks       Fire/Tloc/Air  30%        2d12      13%         3
 Spider Form              Tmut/Pois      27%        N/A       17%         3
 Necrotise                Necr           52%        1d6       19%         1
 Ensorcelled Hibernation  Hex/Ice        32%        N/A       22%         2
 Leda's Liquefaction      Hex/Erth       17%        N/A       24%         4
 Blade Hands              Tmut           20%        N/A       41%         5
 Call Canine Familiar     Summ           13%        N/A       50%         3
 Portal Projectile        Hex/Tloc       26%        N/A       50%         3
 Vampiric Draining        Necr           13%        2d6       50%         3
 Borgnjor's Vile Clutch   Necr/Erth      17%        N/A       56%         5
 Statue Form              Tmut/Erth      32%        N/A       73%         6
 Summon Lightning Spire   Summ/Air       16%        N/A       82%         4
 Alistair's Intoxication  Tmut/Pois      18%        N/A       83%         5
 Anguish                  Hex/Necr       6%         N/A       88%         4
 Cause Fear               Hex            6%         N/A       88%         4
 Eringya's Noxious Bog    Tmut/Pois      13%        N/A       88%         6
 Agony                    Necr           13%        N/A       99%         5
 Metabolic Englaciation   Hex/Ice        8%         N/A       99%         5
 Summon Forest            Summ/Tloc      6%         N/A       99%         5
 Dragon Form              Tmut           20%        N/A       100%        7
 Storm Form               Tmut/Air       14%        N/A       100%        7
 Summon Hydra             Summ           6%         N/A       100%        7
 Maxwell's Capacitive Co  Air            9%         ∞         100%        8
 Necromutation            Tmut/Necr      13%        N/A       100%        8
 Dragon's Call            Summ           6%         N/A       100%        9


Dungeon Overview and Level Annotations

Branches:
Dungeon (12/15)            Temple (1/1) D:5            Lair (5/5) D:8
 Shoals (3/4) Lair:2       Spider (0/4) Lair:3        Slime (0/5) Lair:5
    Orc (2/2) D:12            Elf (0/3) Orc:2        Bailey (visited)
  IceCv (visited)

Altars:
Ashenzari
Cheibriados
Dithmenos
Elyvilon
Fedhas
Gozag
Makhleb
Nemelex Xobeh
Okawaru
Qazlal
Ru
Sif Muna
Trog
Uskayaw
Vehumet
Wu Jian
Xom
Yredelemnul
Zin
The Shining One
Jiyva

Shops:
D:5 *   D:10 *   D:11 (=(*   Orc:1 **   Orc:2 [[*:(   Shoals:2 =

Portals:
Trove: D:10 (give +5 fire dragon scales)

Annotations:
D:5 1 exclusion
D:9 exclusion: 8 doors
Lair:2 exclusion: downstairs
Lair:5 exclusion: 4 oklob plants
Shoals:2 exclusion: upstairs


Message History

The merfolk impaler looks as sick as possible!
The merfolk impaler hits you from afar with a +5 vampiric trident!
The merfolk impaler draws strength from your wounds!
The faun looks as sick as possible!
The merfolk is engulfed in poison gas.
The merfolk looks as sick as possible!
The merfolk barely misses you.
Aiming: Stone Arrow (safe; 1% risk of failure)
Press: ? - help, Q - select action, (/) - cycle Shift-Dir - straight line, f/p - merfolk impaler
Aim: a merfolk impaler, wielding a +5 vampiric trident and wearing a +0 robe (poison gas, moderately wounded, extremely poisoned, 55% to hit)
You feel a surge of power!
The stone arrow hits the merfolk impaler!
The merfolk impaler is moderately wounded.
The satyr looks as sick as possible!
The satyr unwields a +0 quarterstaff.
The satyr wields a +0 longbow.
The satyr shoots an arrow.
The arrow hits you!!
The merfolk impaler is engulfed in poison gas.
The merfolk impaler looks as sick as possible!
The merfolk impaler hits you from afar with a +5 vampiric trident!
* * * LOW HITPOINT WARNING * * *
The merfolk impaler draws strength from your wounds!
The merfolk is engulfed in poison gas.
The merfolk looks as sick as possible!
The merfolk hits you from afar with a +0 halberd!
* * * LOW HITPOINT WARNING * * *
The faun is engulfed in poison gas.
The faun looks as sick as possible!
The merfolk impaler is engulfed in poison gas.
The merfolk impaler looks as sick as possible!
The merfolk impaler hits you but does no damage.
The merfolk is engulfed in poison gas.
The merfolk looks as sick as possible!
The merfolk hits you from afar with a +0 trident.
* * * LOW HITPOINT WARNING * * *
You feel much better.
You kill the merfolk!
Vehumet accepts your kill.
You feel your power returning.
You hear a splash.
The satyr looks as sick as possible!
The satyr shoots an arrow.
The arrow hits you!!
* * * LOW HITPOINT WARNING * * *
The merfolk impaler is engulfed in poison gas.
The merfolk impaler looks as sick as possible!
The merfolk impaler hits you from afar with a +5 vampiric trident!
You die...

≈≈≈§§§§§~~~~≈≈
≈~~§§§§§~~~~~
~~~§§§§§§~~~~~~~~
~~~~§§§§§~~~~~~~~~
≈~~~P§cc§§~~~~~~~~~
≈~~~cc§mm~~~~~~~≈~~
~~~~~§§§##.~≈~~~≈~~
~~~~~~P@##.~~≈≈≈≈~~~
≈~P~~~P*....~≈≈≈≈~~~~
≈≈P~~~P~~~~~~≈≈≈≈≈~~~~
≈≈P~P~~~~~~~~≈≈≈≈≈≈~~~
≈~~~~~~~~~~~≈≈≈≈≈≈≈≈≈≈~~
≈~~~~P~~~~~~~~≈≈≈≈≈≈≈≈≈≈
≈~~~~~~≈≈≈~~~~≈≈≈≈≈≈≈≈≈≈
≈≈~P~≈≈~~~~~~P~≈≈~~~≈≈≈~
≈≈≈≈≈≈~~~~~~~~~~~~~≈≈~~


You could see a merfolk impaler (extremely poisoned), a satyr (scary, extremely
poisoned), a merfolk (extremely poisoned), 3 fauns and a friendly battlesphere.

Vanquished Creatures
  An orc warlord (Bailey)
  A reaper (IceCv)
  An ettin (Orc:1)
  3 merfolk impalers
  A fire dragon (Lair:4)
  Harold (D:11)
  An ice dragon (Orc:1)
  9 hydras
  5 catoblepae
  3 boulder beetles
  A merfolk aquamancer (Shoals:2)
  3 merfolk avatars
  Erica (D:8)
  2 satyrs (Shoals:2)
  A two-headed ogre (D:10)
  14 death yaks
  Urug (D:10)
  4 orc high priests
  Nergalle (D:12)
  Amaemon (D:10)
  10 sea snakes
  19 harpies
  A deep elf pyromancer (D:12)
  5 orc knights
  A lindwurm (Lair:4)
  10 manticores
  5 orc sorcerers
  8 fauns
  7 elephants (Lair:3)
  Maurice (D:9)
  3 merfolk sirens
  7 black mambas
  12 cane toads
  8 water nymphs
  An orange demon (D:10)
  2 ice statues (IceCv)
  2 gargoyles
  8 komodo dragons
  An unseen horror (D:11)
  A kobold demonologist (D:12)
  14 rime drakes
  A freezing wraith (IceCv)
  5 ice devils (IceCv)
  3 anaconda simulacra (IceCv)
  15 merfolk
  7 trolls
  3 wind drakes
  A hornet (D:9)
  25 blink frogs
  3 polar bears
  Prince Ribbit (D:9)
  6 dream sheep
  6 snapping turtles
  3 water elementals
  11 slime creatures (D:12)
  3 shadows
  4 wyverns
  76 yaks
  2 dire elephant simulacra (IceCv)
  2 fire elementals (Lair:3)
  A human (shapeshifter) (D:11)
  6 basilisks
  12 steam dragons
  Menkaure (D:7)
  4 vampire mosquitoes (D:11)
  4 harpy simulacra (IceCv)
  5 wargs
  A hydra simulacrum (IceCv)
  12 water moccasins
  31 orc warriors
  2 ice beasts
  A sky beast (D:7)
  A black bear (Lair:4)
  5 ogres
  13 wolves
  4 centaurs
  2 kobold brigands
  9 bullfrogs
  3 scorpions
  2 gnoll sergeants (D:7)
  A two-headed ogre simulacrum (IceCv)
  12 wights
  A cane toad simulacrum (IceCv)
  An elephant simulacrum (IceCv)
  16 killer bees
  5 electric eels
  3 howler monkeys (D:11)
  A jelly (D:5)
  A lava snake (Lair:3)
  11 orc priests
  A gnoll bouda (D:5)
  6 hounds
  An iguana (D:4)
  Jessica (D:3)
  10 orc wizards
  A troll simulacrum (IceCv)
  8 adders
  11 gnolls
  A naga simulacrum (IceCv)
  A shadow imp (D:7)
  2 white imps
  3 worms
  A dart slug (D:2)
  67 orcs
  6 endoplasms
  13 giant cockroaches
  19 goblins
  14 hobgoblins
  A jackal (D:7)
  4 quokkas
  8 ball pythons
  5 bats
  9 frilled lizards
  21 kobolds
  8 rats
751 creatures vanquished.

Vanquished Creatures (collateral kills)
  3 slime creatures (D:12)
  5 orc warriors (Bailey)
  An orc (Bailey)
  5 goblins (Bailey)
14 creatures vanquished.

Vanquished Creatures (others)
  An orc warrior (Bailey)
  A gnoll (Bailey)
  A hobgoblin (Bailey)
  A rat (D:9)
  A bush (Lair:5)
  52 fungi
  154 plants
  8 toadstools (D:5)
219 creatures vanquished.

Grand Total: 984 creatures vanquished

Notes
Turn   | Place    | Note
-------+----------+-------------------------------------------
     0 | D:1      | ragingrage the Human Earth Elementalist began the quest for
                  | the Orb.
     0 | D:1      | Reached XP level 1. HP: 13/13 MP: 3/3
   371 | D:1      | Reached XP level 2. HP: 19/19 MP: 3/5
   403 | D:1      | Learned a level 2 spell: Passwall
   837 | D:1      | Found a faded altar of an unknown god.
  1432 | D:2      | Reached XP level 3. HP: 24/24 MP: 4/6
  1634 | D:2      | Learned a level 3 spell: Stone Arrow
  1692 | D:2      | Reached XP level 4. HP: 22/30 MP: 4/7
  2010 | D:2      | You fall into a shaft and drop 1 floor!
  2163 | D:3      | Noticed Jessica
  2167 | D:3      | Killed Jessica
  2168 | D:3      | Reached skill level 5 in Earth Magic
  2404 | D:3      | Found a glowing golden altar of the Shining One.
  2878 | D:2      | Reached XP level 5. HP: 35/35 MP: 6/8
  3551 | D:4      | Noticed a +0 dagger
  3551 | D:4      | Noticed a +0 spear
  3552 | D:4      | Noticed a +0 short sword
  3552 | D:4      | Noticed a +0 dagger
  3553 | D:4      | Noticed a +0 falchion
  3553 | D:4      | Noticed a +0 spear
  3554 | D:4      | Noticed a +0 falchion
  3555 | D:4      | Noticed a +0 short sword
  3749 | D:4      | Found a hide-covered altar of Uskayaw.
  3824 | D:4      | Reached skill level 1 in Conjurations
  4002 | D:4      | Found an ornate altar of the Wu Jian Council.
  4241 | D:4      | Reached XP level 6. HP: 41/41 MP: 7/9
  4678 | D:5      | Entered Level 5 of the Dungeon
  4702 | D:5      | Found a staircase to the Ecumenical Temple.
  4720 | Temple   | Entered the Ecumenical Temple
  4817 | Temple   | Became a worshipper of Vehumet
  5011 | D:4      | Reached skill level 1 in Armour
  5011 | D:4      | Reached skill level 2 in Conjurations
  5191 | D:5      | Reached XP level 7. HP: 30/46 MP: 7/10
  5576 | D:5      | Identified the ring "Waeh" {rPois Dex+2}
  5612 | D:5      | Reached skill level 3 in Conjurations
  5713 | D:5      | Noticed a slime creature
  5749 | D:5      | Found an iron altar of Okawaru.
  5758 | D:5      | Reached * piety under Vehumet
  5758 | D:5      | Offered knowledge of Freeze by Vehumet.
  5844 | D:5      | Found Lipeewko's Serpentskin Sales.
  5851 | D:5      | Bought 5 curare-tipped darts for 66 gold pieces
  5851 | D:5      | Bought 3 curare-tipped darts for 39 gold pieces
  5851 | D:5      | Bought a scroll of poison for 44 gold pieces
  5981 | D:6      | Reached XP level 8. HP: 49/52 MP: 7/11
  6021 | D:6      | Found a sacrificial altar of Ru.
  6111 | D:6      | Noticed a yak
  6111 | D:6      | Noticed a yak
  6111 | D:6      | Noticed a yak
  6111 | D:6      | Noticed a yak
  6565 | D:6      | Killed a yak
  6565 | D:6      | Killed a yak
  6566 | D:6      | Reached skill level 5 in Stealth
  6664 | D:7      | Noticed Menkaure
  6666 | D:7      | Killed Menkaure
  6667 | D:7      | Reached skill level 4 in Conjurations
  6773 | D:7      | Reached skill level 5 in Conjurations
  6773 | D:7      | Reached XP level 9. HP: 29/57 MP: 0/12
  6918 | D:7      | Found a flagged portal.
  6940 | Bailey   | Entered a bailey
  7019 | Bailey   | Reached skill level 1 in Fighting
  7019 | Bailey   | Reached skill level 1 in Evocations
  7625 | Bailey   | Reached ** piety under Vehumet
  7657 | Bailey   | Reached XP level 10. HP: 70/70 MP: 10/15
  7777 | Bailey   | Noticed an orc warlord
  7778 | Bailey   | Offered knowledge of Poisonous Vapours by Vehumet.
  8009 | Bailey   | Killed an orc warlord
  8010 | Bailey   | Reached skill level 5 in Dodging
  8215 | D:7      | Acquired Vehumet's Handbook of Conjuring
  8223 | D:7      | Learned a level 5 spell: Iskenderun's Battlesphere
  8321 | D:7      | Reached skill level 5 in Spellcasting
  8325 | D:7      | Offered knowledge of Searing Ray by Vehumet.
  8456 | D:7      | Found a burning altar of Makhleb.
  8502 | D:7      | Reached skill level 5 in Fighting
  8984 | D:7      | Found a shimmering altar of Xom.
  9110 | D:8      | Reached *** piety under Vehumet
  9235 | D:8      | Noticed Erica
  9239 | D:8      | Killed Erica
  9240 | D:8      | Reached XP level 11. HP: 80/80 MP: 12/18
  9492 | D:8      | Reached skill level 6 in Conjurations
  9883 | D:8      | Found a stormy altar of Qazlal.
 10016 | D:8      | Offered knowledge of Frozen Ramparts by Vehumet.
 10204 | D:8      | Found a glowing silver altar of Zin.
 10220 | D:8      | Found a staircase to the Lair.
 10487 | D:8      | Noticed a moth of wrath
 10490 | D:8      | Found a bloodstained altar of Trog.
 10587 | D:8      | Identified the +0 dagger of Dishonour {elec, +Blink rElec
                  | MP+9 Str+3}
 10735 | D:9      | Found a snail-covered altar of Cheibriados.
 10738 | D:9      | Noticed Maurice
 10742 | D:9      | Killed Maurice
 10892 | D:10     | Entered Level 10 of the Dungeon
 11112 | D:10     | Reached skill level 7 in Conjurations
 11479 | D:10     | Reached skill level 5 in Transmutations
 11747 | D:10     | Noticed Urug
 12282 | D:10     | Found a sparkling altar of Nemelex Xobeh.
 12303 | D:10     | Noticed Amaemon
 12463 | D:9      | Reached **** piety under Vehumet
 12788 | D:9      | Offered knowledge of Yara's Violent Unravelling by Vehumet.
 12843 | D:9      | Learned a level 5 spell: Yara's Violent Unravelling
 13237 | D:9      | Reached XP level 12. HP: 92/92 MP: 3/19
 13621 | D:9      | Noticed Prince Ribbit
 13628 | D:9      | Killed Prince Ribbit
 13753 | Lair:1   | Entered Level 1 of the Lair of Beasts
 13769 | Lair:1   | Reached skill level 8 in Conjurations
 13898 | Lair:1   | Got the Tome of Different Displacement
 13986 | Lair:1   | Noticed a death yak
 14008 | Lair:1   | Killed a death yak
 14010 | Lair:1   | Noticed a death yak
 14020 | Lair:1   | Killed a death yak
 14025 | Lair:1   | Noticed a death yak
 14031 | Lair:1   | Killed a death yak
 14157 | Lair:1   | Identified the +10 flail "Veci" {venom, rPois Will- Stlth+}
 14653 | Lair:1   | Noticed a catoblepas
 14660 | Lair:1   | Killed a catoblepas
 14766 | Lair:1   | Identified the +0 robe of Jizaud {rPois}
 15269 | Lair:2   | Noticed an eight-headed hydra
 15465 | Lair:2   | Found a staircase to the Shoals.
 15508 | Lair:2   | Reached skill level 9 in Conjurations
 15692 | Lair:2   | Killed an eight-headed hydra
 15901 | Lair:2   | Noticed a four-headed hydra
 15905 | Lair:2   | Killed a four-headed hydra
 16254 | Lair:3   | Noticed a boulder beetle
 16255 | Lair:3   | Noticed a five-headed hydra
 16257 | Lair:3   | Reached XP level 13. HP: 101/101 MP: 4/22
 16629 | Lair:3   | Killed a five-headed hydra
 16706 | Lair:3   | Reached skill level 10 in Conjurations
 16781 | Lair:3   | Reached skill level 10 in Fighting
 17259 | Lair:3   | Reached skill level 11 in Conjurations
 17422 | Lair:3   | Reached ***** piety under Vehumet
 17600 | Lair:3   | Offered knowledge of Lee's Rapid Deconstruction by Vehumet.
 17611 | Lair:3   | Learned a level 5 spell: Lee's Rapid Deconstruction
 17934 | Lair:3   | Found a hole to the Spider Nest.
 18428 | Lair:3   | Reached skill level 12 in Conjurations
 18569 | Lair:3   | Noticed a four-headed hydra
 18575 | Lair:3   | Killed a four-headed hydra
 19416 | Lair:3   | Identified the amulet of Foekhanuuh {rC+ Regen+ rCorr}
 19593 | Lair:3   | Noticed a seven-headed hydra
 19598 | Lair:3   | Killed a seven-headed hydra
 19812 | Lair:3   | Learned a level 5 spell: Irradiate
 20105 | Lair:4   | Reached XP level 14. HP: 110/110 MP: 15/25
 20885 | Lair:4   | Reached skill level 13 in Conjurations
 21609 | Lair:4   | Reached skill level 5 in Evocations
 21817 | Lair:4   | Offered knowledge of Ozocubu's Refrigeration by Vehumet.
 22597 | Lair:5   | Entered Level 5 of the Lair of Beasts
 23558 | Lair:5   | Reached skill level 14 in Conjurations
 23766 | Lair:5   | Found a viscous altar of Jiyva.
 23881 | Lair:5   | Reached skill level 10 in Stealth
 24503 | Lair:5   | Reached XP level 15. HP: 41/115 MP: 9/28
 24776 | Lair:5   | Found a staircase to the Slime Pits.
 25457 | Lair:5   | Offered knowledge of Orb of Destruction by Vehumet.
 25695 | Lair:5   | Got the Precepts of Shapeshifting
 26208 | D:10     | Found Gozag's Platinum Reserve.
 26208 | D:10     | Found an opulent altar of Gozag.
 26364 | D:10     | Found a portal to a secret trove of treasure.
 27247 | D:10     | Killed Amaemon
 27458 | D:10     | Killed Urug
 27459 | D:10     | Reached skill level 10 in Spellcasting
 27467 | D:10     | Learned a level 7 spell: Orb of Destruction
 27837 | D:11     | Found Amien's Antique Weapon Shop.
 27851 | D:11     | Bought an ichor-stained war axe for 229 gold pieces
 27851 | D:11     | Identified the +5 war axe of the Forsaken Souls {heavy, rF+
                  | Str+9 Int-2 Stlth+} (You bought it in a shop on level 11 of
                  | the Dungeon)
 27946 | D:11     | Found Ihuafan's Jewellery Emporium.
 28203 | D:11     | Found Jooreehy's Weapon Shop.
 28361 | D:11     | Reached skill level 5 in Armour
 28849 | D:11     | Found Oqyet's Assorted Antiques.
 28856 | D:11     | Noticed Harold
 28861 | D:11     | Killed Harold
 28864 | D:11     | Bought a transparent robe for 199 gold pieces
 28864 | D:11     | Identified the +0 robe of Foorgh {Harm rPois rC++ Int-5}
                  | (You bought it in a shop on level 11 of the Dungeon)
 29541 | D:12     | Noticed Nergalle
 29547 | D:12     | Killed Nergalle
 29723 | D:12     | Found a staircase to the Orcish Mines.
 30574 | Orc:1    | Entered Level 1 of the Orcish Mines
 30582 | Orc:1    | Offered knowledge of Iron Shot by Vehumet.
 30755 | Orc:1    | Found a frozen archway.
 31002 | IceCv    | Entered an ice cave
 31077 | IceCv    | Reached XP level 16. HP: 124/124 MP: 10/30
 32139 | Orc:1    | Found Aquon's General Store.
 32152 | Orc:1    | Found Anenuh's Specific Store.
 32307 | Orc:1    | You fall into a shaft and drop 1 floor!
 32307 | Orc:2    | Entered Level 2 of the Orcish Mines
 32818 | Orc:2    | Found Hotz's Armour Shop.
 33465 | Orc:2    | Found a staircase to the Elven Halls.
 33552 | Orc:2    | Bought a +2 hat of willpower for 210 gold pieces
 33893 | Orc:2    | Learned a level 6 spell: Iron Shot
 35031 | Orc:2    | Offered knowledge of Freezing Cloud by Vehumet.
 35097 | Orc:2    | Found Milasuc's General Store.
 35097 | Orc:2    | Found Zalu's Antique Armour Emporium.
 35099 | Orc:2    | Found Waghiog's Weapon Shop.
 35099 | Orc:2    | Found Iddack's Book Emporium.
 35110 | Orc:2    | Bought a faintly glowing robe for 153 gold pieces
 35110 | Orc:2    | Identified the +1 robe "Obonnices" {+Blink} (You bought it
                  | in a shop on level 2 of the Orcish Mines)
 35110 | Orc:2    | Bought a runed helmet for 202 gold pieces
 35614 | Shoals:1 | Entered Level 1 of the Shoals
 36260 | Shoals:1 | Reached skill level 1 in Shields
 36452 | Shoals:1 | Identified the +0 flail of Division {drain, rElec rF+ rN++
                  | Dex-3}
 37283 | Shoals:2 | Found Rih Degu's Jewellery Shoppe.
 38346 | Shoals:2 | Reached XP level 17. HP: 131/131 MP: 13/32
 39585 | Shoals:3 | Learned a level 5 spell: Freezing Cloud
 39682 | Shoals:3 | Offered knowledge of Fireball by Vehumet.
 39686 | Shoals:3 | Reached skill level 15 in Conjurations
 39876 | Shoals:3 | Reached skill level 1 in Air Magic
 39999 | Shoals:3 | Reached skill level 1 in Ice Magic
 40347 | Shoals:3 | Mangled by a merfolk impaler

Illustrated notes

Levels and vault maps discovered:
D:1:      minmay_arrival_loop, layout_basic, ebering_ecumenical_altar_rust,
          serial_co_window_serial, co_window_paths_b,
          co_window_of_opportunity_a, co_window_of_opportunity_a,
          co_window_corner_a, co_window_paths_a, co_window_unsneaky_path_e,
          co_window_cross_3, co_window_cross_2, co_window_paths_c,
          co_window_4corner_b, glass_columns_c, glass_columns_b, st_stairs_7
D:2:      minmay_roachtagon, layout_loops_ring, minmay_circle_x
D:3:      layout_loops_cross, nicolae_tso_carved_into_rock, kennysheep_boxes,
          uniq_jessica
D:4:      layout_layer_cave, nicolae_wu_jian_wuxing_cycle,
          nicolae_uskayaw_en_pointe
D:5:      cheibrodos_fertilizer, layout_cave_pools, okawaru_altar_gauntlet_db,
          minmay_temple_entry_offerings, guppyfry_shop_venom
D:6:      layout_basic, marbit_many_paths, nicolae_ru_sacrificial_ziggurat,
          worldfamousw_hep_ancestral_shrine
D:7:      layout_cave_pools, tgw_xom, makhleb_heckhound_becter,
          lightli_bailey_entry_fortress, uniq_menkaure
D:8:      layout_cave_pools, lemuel_tele_altar,
          mainiacjoe_overflow_surrounded_room, tgw_trog,
          erik_lair_orcish_takeover, uniq_erica
D:9:      layout_cave_pools, cheibriados_altar_1, minmay_the_grid_2x2
          [minmay_the_grid_dragon_b, minmay_the_grid_outer_diamond,
          minmay_the_grid_holed_spiral, minmay_the_grid_prize_diamond_cup],
          uniq_maurice, uniq_prince_ribbit1
D:10:     layout_basic, nemelex_xobeh_ov_fountains_minmay,
          nicolae_gozag_zags_fifth_avenue, nicolae_trove_entry_isolated,
          uniq_amaemon, uniq_urug
D:11:     layout_basic, serial_shops, kennysheep_mini_moat,
          nicolae_lakefront_shop, nicolae_shop_hallway_plus,
          nicolae_shop_overgrown_old_shop, uniq_harold
D:12:     layout_rooms, david_orc_2, nicolae_figureground_sparkle, uniq_nergalle
Temple:   nicolae_temple_bog_church
Lair:1:   layout_regular_city
Lair:2:   layout_misc_corridors, shoals_dummy_entry, serial_bayou_shore_a,
          infiniplex_staircase_pool_2
Lair:3:   beast_lair_carwin_large_1, layout_gridlike, dummy_spider_entry,
          nzn_random_ring, grunt_megastairs_5, serial_bayou_shore_b
Lair:4:   layout_long_grid, bobbens_dragon_lair_wall
Lair:5:   evilmike_catoblepas_cave, layout_loops_ring,
          minmay_slime_entry_oklob_open, lemuel_fruit_fields,
          infiniplex_staircase_pool
Shoals:1: layout_shoals
Shoals:2: layout_shoals, serial_shops, shop
Shoals:3: layout_shoals, nicolae_shoals_isolated_beach, uniq_nikola
Orc:1:    layout_caves, portal_ice_cave_entry_animals_and_master,
          hellmonk_bongcloud_opening, nicolae_specific_store,
          nicolae_orc_lava_room
Orc:2:    grunt_orc_tribal_feast, layout_caves, serial_shops, shop

Skill      XL: |  1  2  3  4  5  6  7  8  9 10 11 12 13 14 15 16 17 |
---------------+----------------------------------------------------+-----
Earth Magic    | 4 5 6 7 8 9 |  9.9
Conjurations   | 1 2 3 5 7 9 12 14 15 | 15.0
Stealth        | 3 4 5 8 10 | 10.0
Armour         | 1 2 4 5 |  5.0
Fighting       | 3 5 7 9 10 11 | 11.5
Evocations     | 3 4 6 7 8 |  8.4
Dodging        | 4 6 7 8 9 |  9.2
Spellcasting   | 3 5 6 7 9 10 11 12 | 12.6
Transmutations | 2 5 6 |  6.0
Shields        | 2 3 |  3.0
Air Magic      | 1 |  1.3
Ice Magic      | 1 |  1.2

Action                   |  1- 3 |  4- 6 |  7- 9 | 10-12 | 13-15 | 16-18 || total
-------------------------+-------+-------+-------+-------+-------+-------++-------
Melee: Short sword       |     3 |     6 |       |       |       |       ||     9
       Staff             |       |       |     6 |     1 |     3 |     4 ||    14
       Whip              |       |       |    17 |       |       |       ||    17
       Punch             |       |       |     1 |       |     1 |       ||     2
       Rapier            |       |       |       |    18 |    83 |       ||   101
Throw: Dart              |       |       |     7 |     6 |     3 |       ||    16
       Throwing net      |       |       |       |       |       |     1 ||     1
 Cast: Sandblast         |    46 |    78 |    83 |    59 |     3 |       ||   269
       Stone Arrow       |       |       |    17 |   175 |   536 |   369 ||  1097
       Iskenderun's Batt |       |       |       |    41 |   107 |    85 ||   233
       Lee's Rapid Decon |       |       |       |       |     5 |     2 ||     7
       Irradiate         |       |       |       |       |     1 |       ||     1
Evoke: Wand              |       |       |     1 |     8 |     1 |     5 ||    15
       Condenser vane    |       |       |       |       |     1 |     2 ||     3
       Box of beasts     |       |       |       |       |     1 |       ||     1
  Use: Scroll            |       |       |    10 |     8 |    12 |     6 ||    36
       Potion            |       |       |     2 |     1 |     1 |     3 ||     7
 Stab: Sleeping          |       |     1 |       |       |       |       ||     1
       Invisible         |       |       |       |       |     1 |       ||     1
       Distracted        |       |       |       |       |     1 |       ||     1
Armor: Robe              |     1 |     3 |       |       |       |       ||     4
       Ring mail         |       |     6 |    24 |       |       |       ||    30
       Steam dragon scal |       |       |     3 |    19 |    48 |       ||    70
       Skin              |       |       |       |     9 |       |       ||     9
       Troll leather arm |       |       |       |       |    32 |    30 ||    62
Dodge: Dodged            |     6 |    27 |    46 |    66 |   199 |    91 ||   435
Block: Kite shield       |       |       |       |       |       |    51 ||    51

Table legend: (Time is in decaauts)
 A = Elapsed time spent in this place.
 B = Non-inter-level travel time spent in this place.
 C = Inter-level travel time spent in this place.
 D = Time resting spent in this place.
 E = Time spent auto-exploring this place.
 F = Levels seen in this place.
 G = Mean time per level.
                   A        B        C        D        E       F      G
               +--------+--------+--------+--------+--------+-----+--------+
         Total |  40734 |  38826 |   1908 |  15182 |  17377 |  25 | 1629.4 |
       Dungeon |  17369 |  16378 |    991 |   4817 |   8879 |  12 | 1447.4 |
        Temple |    119 |     48 |     71 |      0 |     38 |   1 |  119.0 |
          Lair |  12402 |  11824 |    578 |   5399 |   4861 |   5 | 2480.4 |
        Shoals |   4876 |   4717 |    159 |   2145 |   1894 |   3 | 1625.3 |
  Orcish Mines |   3586 |   3478 |    108 |   1546 |   1400 |   2 | 1793.0 |
        Bailey |   1266 |   1266 |      0 |    666 |     94 |   1 | 1266.0 |
      Ice Cave |   1112 |   1112 |      0 |    607 |    209 |   1 | 1112.0 |
               +--------+--------+--------+--------+--------+-----+--------+

Top non-repeatable levels by time:
  Lair:3: 3249 daAuts
    D:10: 3016 daAuts
  Lair:5: 2906 daAuts
  Lair:4: 2877 daAuts
   Orc:2: 2415 daAuts
Shoals:1: 2068 daAuts
Shoals:2: 1906 daAuts
    D:11: 1863 daAuts
  Lair:2: 1737 daAuts
  Lair:1: 1632 daAuts
     D:4: 1491 daAuts
     D:8: 1472 daAuts
     D:1: 1465 daAuts
     D:9: 1386 daAuts
     D:7: 1386 daAuts
